 Dungeon Crawl Stone Soup version 0.32-a0-841-g4648e6c457 (webtiles) character file.

Game seed: 8597596073868358097

2517 wilfster70 the Grappler (level 9, -4/92 HPs)
             Began as a Troll Berserker on Mar 26, 2024.
             Was a Priest of Trog.
             Slain by a gnoll
             ... wielding a +0 flail
             ... led by a gnoll sergeant
              (13 damage)
             ... on level 6 of the Dungeon.
             The game lasted 00:11:54 (4765 turns).

wilfster70 the Grappler (Troll Berserker)           Turns: 4765, Time: 00:11:55

Health: -4/92      AC:  1    Str: 29    XL:     9   Next: 29%
Magic:  0/8        EV:  9    Int:  5    God:    Trog [***...]
Gold:   276        SH:  0    Dex:  9    Spells: 8/8 levels left

rFire   . .          .
                       - Unarmed
rCold   . . .        (no shield)
rNeg    . . .        a - +1 animal skin
rPois   .            (helmet restricted)
rElec   .            (no cloak)
rCorr   .            (gloves unavailable)
SInv    .            (boots unavailable)
Will    ++...        c - amulet of guardian spirit
Stlth   +            (no ring)
HPRegen 2.15/turn    (no ring)
MPRegen 0.11/turn

%: guardian spirit
@: strong-willed, corroded, on berserk cooldown, regenerating, slowed, very slow
A: large, unfitting armour, claws 3, regeneration 1, shaggy fur 1, tough skin 1
a: Renounce Religion, Berserk, Trog's Hand


You were on level 6 of the Dungeon.
You worshipped Trog.
Trog was most pleased with you.
You visited 1 branch of the dungeon, and saw 6 of its levels.

You collected 298 gold pieces.
You spent 22 gold pieces at shops.

Inventory:

Armour
 a - a +1 animal skin (worn)
Jewellery
 b - a ring of fire
 c - an amulet of guardian spirit (around neck)
 j - a +6 ring of intelligence
 m - a ring of see invisible
Wands
 s - a wand of polymorph (8)
Scrolls
 d - 3 scrolls of teleportation
 e - a scroll of summoning
 h - a scroll of enchant armour
Potions
 f - 3 potions of resistance
 g - 2 potions of cancellation
 i - 3 potions of invisibility
 k - 3 potions of curing
 l - a potion of degeneration {unknown}
 n - a potion of mutation
 p - a potion of ambrosia


   Skills:
 + Level 6.6 Fighting
 - Level 2.4 Dodging
 * Level 10.7 Unarmed Combat


You had 8 spell levels left.
You didn't know any spells.
Your spell library was empty.

Dungeon Overview and Level Annotations

Branches:
Dungeon (6/15)             Temple (0/1) D:5

Altars:
Ashenzari
Xom

Shops:
D:1 ?


Innate Abilities, Weirdness & Mutations

You are too large for most types of armour.
You have claws for hands.
Your natural rate of healing is unusually fast.
You are covered in fur. (AC +1)
You have tough skin. (AC +1)


Message History

You feel your anger nearly subside.
You are no longer berserk.
You are exhausted.
You feel yourself slow down.
k - 3 potions of curing (gained 1)
A gnoll comes into view. It is wielding a +0 flail.
The gnoll shouts!
A jelly comes into view.
A gnoll sergeant comes into view. It is wielding a +1 spear of freezing.
The gnoll sergeant shouts!
The jelly hits you. The acid corrodes you!
You are splashed with acid!
The gnoll barely misses you.
You claw the jelly!
Your claws burn!
The jelly is severely wounded.
The gnoll hits you with a +0 flail! The jelly hits you.
You are splashed with acid!
You barely miss the jelly.
The jelly is severely wounded.
The gnoll hits you with a +0 flail.
The gnoll sergeant hits you from afar with a +1 spear of freezing!
The gnoll sergeant freezes you. The jelly barely misses you.
You scratch the jelly.
Your claws burn!
The jelly is almost dead.
A gnoll comes into view.
It is wielding a +2 flail of protection and quivering a throwing net.
The gnoll sergeant hits you from afar with a +1 spear of freezing!
The gnoll sergeant freezes you. The jelly barely misses you.
The gnoll hits you with a +0 flail!
* * * LOW HITPOINT WARNING * * *
The jelly closely misses you. The gnoll sergeant closely misses you.
The gnoll hits you with a +0 flail.
* * * LOW HITPOINT WARNING * * *
You mangle the jelly!!
You kill the jelly!
Trog accepts your kill.
The gnoll sergeant hits you from afar with a +1 spear of freezing!
* * * LOW HITPOINT WARNING * * *
The gnoll sergeant freezes you.
* * * LOW HITPOINT WARNING * * *
A kobold brigand comes into view.
It is wielding a +0 dagger and quivering poisoned darts.
The gnoll hits you with a +0 flail!
You die...

## ?## # ## .) .# #. ###K#
..# .. #.#$#g./# #.
#.$)g.#.# #. #.@g....#
####.## ##.####.##
#.....#####.#####.#
#.###...........#.# #.#
#.###..####.#.# #.###.#
#..# #.#.# #.#...###..#
#.#.##
####.#.#......####.#..#####
.........###.#............#


You could see a kobold brigand (wandering), a gnoll sergeant and 2 gnolls.

Vanquished Creatures
  Sigmund (D:3)
  A vampire (D:6)
  Eustachio (D:4)
  A water moccasin (D:6)
  A sky beast (D:6)
  2 ogres (D:5)
  An ice beast (D:6)
  3 phantoms
  Blork the orc (D:6)
  A gnoll sergeant (D:5)
  4 scorpions
  4 wights (D:6)
  2 bombardier beetles
  5 hounds
  A jelly (D:6)
  An orc priest (D:5)
  2 sleepcaps
  Terence (D:3)
  2 iguanas
  Natasha (thrice) (D:4)
  4 orc wizards
  5 gnolls
  7 adders
  2 white imps (D:5)
  4 ribbon worms
  3 dart slugs
  14 orcs
  11 ball pythons
  14 bats
  8 endoplasms
  3 giant cockroaches
  9 hobgoblins
  4 quokkas
  5 frilled lizards
  5 goblins
  9 kobolds
  6 rats
151 creatures vanquished.

Notes
Turn   | Place    | Note
-------+----------+-------------------------------------------
     0 | D:1      | wilfster70 the Troll Berserker began the quest for the Orb.
     0 | D:1      | Reached XP level 1. HP: 22/22 MP: 0/0
   145 | D:1      | Reached XP level 2. HP: 29/29 MP: 1/1
   221 | D:1      | Found Lor Amic's Magic Scroll Boutique.
   350 | D:1      | Bought a scroll of identify for 22 gold pieces
   379 | D:1      | Reached XP level 3. HP: 36/36 MP: 2/2
   412 | D:1      | Reached ** piety under Trog
   515 | D:1      | Reached skill level 4 in Unarmed Combat
   774 | D:2      | Found a broken altar of Ashenzari.
   913 | D:2      | Reached XP level 4. HP: 44/45 MP: 3/3
  1434 | D:3      | Noticed Sigmund
  1439 | D:3      | Killed Sigmund
  1440 | D:3      | Reached skill level 5 in Unarmed Combat
  1440 | D:3      | Reached XP level 5. HP: 54/54 MP: 4/4
  1484 | D:3      | Noticed Terence
  1490 | D:3      | Killed Terence
  1491 | D:3      | Reached XP level 6. HP: 60/62 MP: 3/5
  2170 | D:4      | Noticed Natasha
  2174 | D:4      | Killed Natasha
  2175 | D:4      | Reached skill level 6 in Unarmed Combat
  2179 | D:4      | Noticed Natasha
  2194 | D:4      | Killed Natasha
  2386 | D:4      | Noticed Eustachio
  2427 | D:4      | Killed Eustachio
  2428 | D:4      | Reached skill level 7 in Unarmed Combat
  2428 | D:4      | Reached XP level 7. HP: 47/71 MP: 3/6
  3023 | D:4      | Found a shimmering altar of Xom.
  3200 | D:4      | Noticed Natasha
  3208 | D:4      | Killed Natasha
  3299 | D:5      | Entered Level 5 of the Dungeon
  3311 | D:5      | Found a staircase to the Ecumenical Temple.
  3353 | D:5      | Reached *** piety under Trog
  3521 | D:5      | Reached skill level 5 in Fighting
  3530 | D:5      | Reached skill level 8 in Unarmed Combat
  3538 | D:5      | Reached XP level 8. HP: 69/80 MP: 4/7
  4172 | D:6      | Reached skill level 9 in Unarmed Combat
  4220 | D:6      | Noticed Blork the orc
  4231 | D:6      | Killed Blork the orc
  4482 | D:6      | Reached skill level 10 in Unarmed Combat
  4482 | D:6      | Reached XP level 9. HP: 66/89 MP: 6/8
  4747 | D:6      | Reached **** piety under Trog
  4765 | D:6      | Slain by a gnoll

Illustrated notes

Levels and vault maps discovered:
D:1:      lightli_arrival_statuegarden, layout_loops_ring, serial_shops, shop
D:2:      cheibrodos_helix_gallery, layout_loops_ring, basic_altar
D:3:      layout_loops_ring, serial_forest, infiniplex_forest_lined_2,
          infiniplex_forest_lined_2, infiniplex_forest_end_2,
          infiniplex_forest_clump_tiny, uniq_sigmund, uniq_terence
D:4:      layout_basic, brannock_xom_greatest_gift, nicolae_figureground_pulse,
          uniq_eustachio, uniq_natasha
D:5:      minmay_diamond_boxcup, layout_cave_pools,
          minmay_temple_entry_glassed_door, nicolae_underground_beach
D:6:      minmay_chambers_of_fours, layout_loops_ring,
          minmay_misc_feat_more_columns, minmay_joined_circles,
          uniq_blork_the_orc

Skill      XL: |  1  2  3  4  5  6  7  8 |
---------------+-------------------------+-----
Unarmed Combat | 4 5 7 8 10 | 10.7
Fighting       | 3 4 5 6 |  6.6
Dodging        | |  2.4

Action                     |  1- 3 |  4- 6 |  7- 9 || total
---------------------------+-------+-------+-------++-------
  Melee: Unarmed           |    97 |   122 |   197 ||   416
         Punch             |     1 |     2 |     7 ||    10
 Invoke: Berserk           |       |     3 |     6 ||     9
         Trog's Hand       |       |     3 |     4 ||     7
    Use: Scroll            |     3 |     3 |     8 ||    14
         Potion            |       |       |     1 ||     1
   Stab: Sleeping          |     3 |     1 |       ||     4
 Armour: Animal skin       |    63 |    85 |   147 ||   295
  Dodge: Dodged            |    45 |    56 |    70 ||   171

Table legend: (Time is in decaauts)
 A = Elapsed time spent in this place.
 B = Non-inter-level travel time spent in this place.
 C = Inter-level travel time spent in this place.
 D = Time resting spent in this place.
 E = Time spent auto-exploring this place.
 F = Levels seen in this place.
 G = Mean time per level.
                   A        B        C        D        E       F      G
               +--------+--------+--------+--------+--------+-----+--------+
         Total |   4790 |   4617 |    173 |    428 |   2329 |   6 |  798.3 |
       Dungeon |   4790 |   4617 |    173 |    428 |   2329 |   6 |  798.3 |
               +--------+--------+--------+--------+--------+-----+--------+

Top non-repeatable levels by time:
     D:4: 1138 daAuts
     D:5: 816 daAuts
     D:3: 755 daAuts
     D:1: 715 daAuts
     D:2: 693 daAuts
     D:6: 671 daAuts
